 Dungeon Crawl Stone Soup version 0.28.0-45-g0d030f2227 (webtiles) character file.

Game seed: 7759259413047772571

10013 VictoriousLee the Destroyer (level 11, -9/63 HPs)
             Began as a Tengu Air Elementalist on Apr 13, 2022.
             Was an Elder of Qazlal.
             Mangled by a catoblepas (33 damage)
             ... on level 2 of the Lair of Beasts on Apr 14, 2022.
             The game lasted 01:19:37 (11959 turns).

VictoriousLee the Destroyer (TeAE)                 Turns: 11959, Time: 01:19:38

Health: -9/63      AC:  3    Str: 10    XL:     11   Next: 55%
Magic:  3/23       EV: 16    Int: 19    God:    Qazlal [****..]
Gold:   644        SH:  5    Dex: 20    Spells: 5/24 levels left

rFire   . . .      SeeInvis .   b - staff of air
rCold   . . .      Faith    .   (no shield)
rNeg    + . .      Spirit   .   s - +1 robe
rPois   .          Reflect  .   (helmet restricted)
rElec   +          Harm     .   (no cloak)
rCorr   .          Rampage  .   (no gloves)
Will    .....                   (boots unavailable)
Stlth   ++........              Q - amulet of the acrobat
HPRegen 0.20/turn               g - ring of positive energy
MPRegen 0.18/turn               I - +6 ring of dexterity

@: flying quickly and evasively, repel missiles, quick
A: beak, talons 3, nimble flight
a: Renounce Religion, Upheaval, Elemental Force


You were on level 2 of the Lair of Beasts.
You worshipped Qazlal.
Qazlal was greatly pleased with you.
You visited 2 branches of the dungeon, and saw 12 of its levels.

You collected 644 gold pieces.

Inventory:

Hand Weapons
 a - the +11 hand axe "Pitwy" {flame, rC+ Dex+3}
   (You found it on level 3 of the Dungeon)

   It burns those it strikes, dealing additional fire damage.
   Big, fiery blades are also staple armaments of hydra-hunters.
   Dex:       It affects your dexterity (+3).
   rC:        It protects you from cold.
 c - a +5 scimitar
 d - a +2 vorpal hand axe
 h - a +2 mace of protection
 j - a +0 hand crossbow
 p - a +1 spear of freezing
 t - a +1 flail of draining
 B - a +2 dagger of draining
 F - a +1 whip of holy wrath
 N - a +2 short sword of speed
Missiles
 e - 457 stones
 f - 105 bolts
 i - 108 arrows
 o - 3 boomerangs
 q - 26 poisoned darts
 r - 11 curare-tipped darts
 D - 2 silver javelins
 T - 5 javelins
Armour
 k - a scarf of shadows
 s - a +1 robe (worn)
 v - a +0 scale mail
 G - a +0 leather armour
Magical Staves
 b - a staff of air (weapon)
 y - a staff of earth
Jewellery
 g - a ring of positive energy (left hand)
 u - a ring of protection from cold
 I - a +6 ring of dexterity (right hand)
 J - the amulet of Vitality {Regen+ HP+15}
   (You found it on level 7 of the Dungeon)

   [amulet of regeneration]

   HP:        It affects your health (+15).
   Regen:     It increases your rate of health regeneration.
 O - a ring of willpower
 Q - an amulet of the acrobat (around neck)
 R - an amulet of regeneration
Wands
 m - a wand of paralysis (10)
 x - a wand of flame (25)
 z - a wand of mindburst (4)
 M - a wand of iceblast (8)
Scrolls
 l - 5 scrolls of teleportation
 n - 4 scrolls of immolation
 C - a scroll of torment
 S - a scroll of enchant armour
Potions
 w - a potion of lignification
 A - 2 potions of attraction
 E - a potion of haste
 K - 2 potions of brilliance
 L - 3 potions of curing
 P - a potion of invisibility


   Skills:
 * Level 5.1 Fighting
 - Level 8.0 Axes
 + Level 2.1 Crossbows
 - Level 3.2 Dodging
 - Level 2.0 Stealth
 - Level 7.4 Spellcasting
 - Level 13.3 Conjurations
 - Level 10.8 Air Magic
 - Level 1.0 Invocations


You had 5 spell levels left.
You knew the following spells:

 Your Spells              Type           Power      Damage    Failure   Level
a - Airstrike             Air            32%        N/A       1%          4
b - Static Discharge      Conj/Air       68%        N/A       1%          2
c - Conjure Flame         Conj/Fire      32%        6-21      1%          3
f - Flame Wave            Conj/Fire      32%        2d8       6%          4
s - Shock                 Conj/Air       100%       1d9       1%          1
z - Lightning Bolt        Conj/Air       34%        1d51      1%          5

Your spell library contained the following spells:

 Spells                   Type           Power      Damage    Failure   Level
 Foxfire                  Conj/Fire      100%       2x1d9     1%          1
 Swiftness                Air            64%        N/A       1%          3
 Hailstorm                Conj/Ice       32%        3d8       6%          4
 Freeze                   Ice            28%        1d5       10%         1
 Ensorcelled Hibernation  Hex/Ice        14%        N/A       14%         2
 Frozen Ramparts          Ice            14%        1d3       28%         3
 Inner Flame              Hex/Fire       7%         N/A       28%         3
 Spider Form              Tmut/Pois      7%         N/A       28%         3
 Summon Guardian Golem    Hex/Summ       7%         N/A       28%         3
 Tukima's Dance           Hex            7%         N/A       28%         3
 Anguish                  Hex/Necr       3%         N/A       67%         4
 Passage of Golubria      Tloc           7%         N/A       67%         4
 Yara's Violent Unravell  Hex/Tmut       3%         3d4       95%         5
 Orb of Destruction       Conj           27%        9d9       34%         7
 Spellforged Servitor     Conj/Summ      16%        N/A       99%         7
 Maxwell's Capacitive Co  Air            32%        ∞         100%        8


Dungeon Overview and Level Annotations

Branches:
Dungeon (10/15)            Temple (0/1) D:4            Lair (2/6) D:9
  Swamp: Lair:2-4    Shoals: Lair:2-4     Snake: Lair:2-4    Spider: Lair:2-4
    Orc: D:9-12

Altars:
Cheibriados
Dithmenos
Gozag
Hepliaklqana
Nemelex Xobeh
Qazlal
Ru
Wu Jian
Beogh

Shops:
D:6 =

Annotations:
D:8 2 transporters, Joseph; Zeor's ghost, novice GrGl


Innate Abilities, Weirdness & Mutations

You have a beak for a mouth.
You have claws for feet.
Your magical nature lets you fly swiftly and evasively.


Message History

The bolt of lightning hits the catoblepas.
The catoblepas is moderately wounded.
Aiming: Lightning Bolt (dangerous; 1% risk of failure)
Press: ? - help, Q - select action, (/) - cycle Shift-Dir - straight line, f/p - catoblepas
Aim: a catoblepas (moderately wounded, 100% to hit)
You hear a mighty clap of thunder!
The bolt of lightning hits the catoblepas!!
The catoblepas is heavily wounded.
The catoblepas breathes a plume of calcifying dust at you.
The blast of calcifying dust hits you!
The +11 hand axe "Pitwy" {flame, rC+ Dex+3} stops flaming.
b - a staff of air (weapon)
The catoblepas breathes a plume of calcifying dust at you.
The blast of calcifying dust hits you! The catoblepas barely misses you.
You hit the catoblepas.
You claw the catoblepas, but do no damage.
The catoblepas is heavily wounded.
The catoblepas breathes a plume of calcifying dust at you.
The blast of calcifying dust hits you.
The blast of calcifying dust hits the fungus!
The fungus begins to die.
You hit the catoblepas but do no damage.
You claw the catoblepas.
The catoblepas is severely wounded.
The fungus is engulfed in calcifying dust.
The catoblepas gores you!!
You hit the catoblepas but do no damage.
Your kick misses the catoblepas. You peck the catoblepas.
The catoblepas is severely wounded.
The fungus is engulfed in calcifying dust.
The fungus turns to stone!
The catoblepas breathes a plume of calcifying dust at you.
The blast of calcifying dust hits you but does no damage.
You hit the catoblepas but do no damage.
You claw the catoblepas, but do no damage.
The catoblepas is severely wounded.
The catoblepas gores you!!
Ouch! That really hurt!
You die...

##.#############
##............#
############.#
#.(§....##
##.§##...#
##...P##### #
#..§§## #..
####.§##
#...##.##@..#
#..#...§Y.○°#
#........☼..#
......#.P....#
...## ###....#
.. ....## .....#
....## ..##


You could see a catoblepas.

Vanquished Creatures
  A cane toad (Lair:1)
  4 torpor snails (Lair:2)
  2 gargoyles
  An unseen horror (D:9)
  4 komodo dragons
  A troll (D:9)
  2 wyverns
  A wraith (D:10)
  10 yaks (Lair:1)
  A steam dragon (D:8)
  Edmund (D:6)
  5 water moccasins
  3 orc warriors
  2 black bears
  2 necrophages
  3 sky beasts
  An ogre (D:7)
  2 centaurs (D:9)
  A phantom (D:5)
  3 kobold brigands
  5 bullfrogs
  A gnoll sergeant (D:5)
  A water moccasin zombie (D:5)
  A wyvern skeleton (D:7)
  A killer bee (D:9)
  13 wights
  2 howler monkeys
  A lava snake (D:9)
  5 centaur zombies
  A jelly (D:4)
  2 orc priests (D:8)
  An iguana (D:6)
  4 orc wizards (D:5)
  A hound skeleton (D:4)
  2 mummies (D:10)
  A howler monkey zombie (D:10)
  11 gnolls
  3 adders
  A howler monkey skeleton (D:5)
  2 shadow imps (D:6)
  A white imp (D:5)
  2 ufetubi
  A worm (D:5)
  4 dart slugs
  16 orcs
  9 endoplasms
  2 giant cockroaches (D:1)
  13 goblins
  7 hobgoblins
  9 jackals
  16 kobolds
  3 quokkas
  9 ball pythons
  6 bats
  7 rats
214 creatures vanquished.

Vanquished Creatures (others)
  3 fungi (Lair:1)
  42 plants
45 creatures vanquished.

Grand Total: 259 creatures vanquished

Notes
Turn   | Place    | Note
-------+----------+-------------------------------------------
     0 | D:1      | VictoriousLee the Tengu Air Elementalist began the quest
                  | for the Orb.
     0 | D:1      | Reached XP level 1. HP: 10/10 MP: 4/4
   141 | D:1      | Reached skill level 2 in Conjurations
   234 | D:1      | Reached XP level 2. HP: 15/15 MP: 4/6
   253 | D:1      | Reached skill level 3 in Conjurations
   433 | D:1      | Learned a level 2 spell: Static Discharge
   725 | D:1      | Reached XP level 3. HP: 19/19 MP: 4/7
   861 | D:1      | Reached skill level 4 in Conjurations
  1245 | D:1      | Found a faded altar of an unknown god.
  1517 | D:2      | Reached skill level 5 in Conjurations
  1517 | D:2      | Reached XP level 4. HP: 24/24 MP: 4/8
  2121 | D:3      | Identified the +11 hand axe "Pitwy" {flame, rC+ Dex+3}
  2127 | D:3      | Found a stormy altar of Qazlal.
  2127 | D:3      | Noticed an earth elemental
  2132 | D:3      | Noticed a water elemental
  2136 | D:3      | Noticed a fire elemental
  2136 | D:3      | Noticed an air elemental
  2157 | D:3      | Became a worshipper of Qazlal Stormbringer
  2245 | D:3      | Found an ornate altar of the Wu Jian Council.
  2369 | D:3      | Reached skill level 1 in Axes
  2375 | D:3      | Gained mutation: Your magical nature lets you fly swiftly
                  | and evasively. [Tengu growth]
  2375 | D:3      | Reached XP level 5. HP: 28/28 MP: 2/9
  2477 | D:3      | Found a sacrificial altar of Ru.
  2679 | D:4      | Found a sparkling altar of Nemelex Xobeh.
  2801 | D:4      | Noticed a necrophage
  2814 | D:4      | Killed a necrophage
  2814 | D:4      | Reached * piety under Qazlal
  2815 | D:4      | Reached XP level 6. HP: 20/32 MP: 5/10
  2950 | D:4      | Found a staircase to the Ecumenical Temple.
  3352 | D:5      | Entered Level 5 of the Dungeon
  3352 | D:5      | Noticed a sky beast
  3357 | D:4      | Killed a sky beast
  3503 | D:5      | Reached XP level 7. HP: 28/36 MP: 11/11
  4174 | D:5      | Reached skill level 10 in Air Magic
  4301 | D:5      | Reached XP level 8. HP: 41/41 MP: 4/12
  4484 | D:6      | Reached skill level 6 in Conjurations
  4547 | D:6      | Found a hazy altar of Hepliaklqana.
  4603 | D:6      | Reached skill level 7 in Conjurations
  5025 | D:6      | Found a shadowy altar of Dithmenos.
  5033 | D:6      | Reached skill level 8 in Conjurations
  5043 | D:6      | Found Zowkujou's Jewellery Shoppe.
  5501 | D:6      | Noticed Edmund
  5518 | D:6      | Killed Edmund
  5519 | D:6      | Reached skill level 9 in Conjurations
  5671 | D:7      | Found the amulet of Vitality {Regen+ HP+15}
  5852 | D:7      | Reached skill level 10 in Conjurations
  5858 | D:7      | Learned a level 5 spell: Lightning Bolt
  5865 | D:7      | Noticed a wyvern
  5875 | D:7      | Reached ** piety under Qazlal
  5876 | D:7      | Reached XP level 9. HP: 45/45 MP: 6/13
  6072 | D:7      | Found an opulent altar of Gozag.
  6510 | D:7      | Learned a level 4 spell: Airstrike
  6656 | D:8      | Reached skill level 5 in Spellcasting
  7238 | D:8      | Found a transporter.
  7241 | D:8      | Noticed Zeor's ghost (novice GrGl)
  7241 | D:8      | Noticed a komodo dragon
  7252 | D:8      | Found a transporter.
  7553 | D:8      | Noticed Joseph
  7678 | D:7      | Learned a level 4 spell: Flame Wave
  7891 | D:9      | Noticed a troll
  7912 | D:9      | Killed a troll
  8187 | D:9      | Reached *** piety under Qazlal
  8188 | D:9      | Reached skill level 11 in Conjurations
  8188 | D:9      | Reached XP level 10. HP: 50/50 MP: 15/21
  8310 | D:9      | Found a staircase to the Lair.
  8319 | D:9      | Reached skill level 12 in Conjurations
  8885 | D:10     | Entered Level 10 of the Dungeon
  8886 | D:10     | Noticed a gargoyle
  8907 | D:9      | Killed an unseen horror
  8908 | D:9      | Reached skill level 1 in Invocations
  8915 | D:9      | Killed a gargoyle
  9100 | D:10     | Reached skill level 5 in Axes
  9289 | D:10     | Noticed a gargoyle
  9298 | D:10     | Killed a gargoyle
  9660 | Lair:1   | Entered Level 1 of the Lair of Beasts
 10118 | Lair:1   | Reached XP level 11. HP: 28/54 MP: 16/22
 10511 | Lair:1   | Reached skill level 13 in Conjurations
 10742 | Lair:1   | Reached skill level 1 in Fighting
 11323 | Lair:1   | Learned a level 3 spell: Conjure Flame
 11477 | Lair:1   | Reached **** piety under Qazlal
 11755 | Lair:2   | Reached skill level 1 in Crossbows
 11765 | Lair:2   | Found a snail-covered altar of Cheibriados.
 11935 | Lair:2   | Reached skill level 5 in Fighting
 11944 | Lair:2   | Noticed a catoblepas
 11959 | Lair:2   | Mangled by a catoblepas

Illustrated notes

Levels and vault maps discovered:
D:1:      dpeg_arrival_oval, layout_basic,
          hellmonk_ecumenical_altar_defaced_shrine, serial_bayou_pond_b
D:2:      layout_basic, serial_forest, infiniplex_forest_clump_medium,
          infiniplex_forest_clump_C, infiniplex_forest_clump_long,
          infiniplex_forest_corner_2, infiniplex_forest_clump_long,
          infiniplex_forest_straight_2, infiniplex_forest_lined_room_,
          infiniplex_forest_end_1
D:3:      layout_rooms, amcnicky_altar_gilded, nicolae_qazlal_style_of_elements,
          pdpol_wu_jian_five_deadly_venoms
D:4:      layout_cave_pools, mainiacjoe_overflow_catwalk,
          minmay_temple_entry_nine_rooms, kennysheep_another_room
D:5:      layout_basic, cheibrodos_sewer_entry_bend
D:6:      layout_basic, mainiacjoe_overflow_small_starburst,
          grunt_dithmenos_shadows, serial_shops, kennysheep_mini,
          chequers_serial_rivers_large_a, uniq_edmund
D:7:      layout_loops_ring, nicolae_gozag_cash_rules_everything_around_me
D:8:      layout_loops_corners, gammafunk_ghost_arena, uniq_joseph
D:9:      layout_irregular_city, david_lair_shrubbed, kennysheep_generic_room_16
D:10:     layout_cave_pools, enter_bailey_7, serial_undead, serial_undead_d,
          serial_undead_d, serial_undead_c, serial_undead_d,
          kennysheep_generic_room_12
Lair:1:   layout_loops_ring, grunt_megastairs_1
Lair:2:   layout_concentric_octagons, nicolae_spider_entry_non_spiders,
          kennysheep_snail_temple

Skill      XL: |  1  2  3  4  5  6  7  8  9 10 11 |
---------------+----------------------------------+-----
Conjurations   | 2 3 5 10 11 12 13 | 13.3
Axes           | 1 2 8 |  8.0
Air Magic      | 6 8 10 | 10.8
Spellcasting   | 7 |  7.4
Invocations    | 1 |  1.0
Dodging        | 3 |  3.2
Fighting       | 5 |  5.1
Crossbows      | 2 |  2.1
Stealth        | |  2.0

Action                   |  1- 3 |  4- 6 |  7- 9 | 10-12 || total
-------------------------+-------+-------+-------+-------++-------
Melee: Mace              |     4 |     3 |       |       ||     7
       Kick              |     1 |     6 |    31 |    46 ||    84
       Hand axe          |       |    41 |   121 |   107 ||   269
       Peck              |       |     4 |    17 |    28 ||    49
       Punch             |       |     1 |     1 |     4 ||     6
       Staff             |       |       |       |     4 ||     4
 Cast: Shock             |    67 |    42 |    63 |       ||   172
       Lightning Bolt    |       |       |    20 |    34 ||    54
       Flame Wave        |       |       |     3 |     3 ||     6
       Conjure Flame     |       |       |       |     2 ||     2
Evoke: Wand              |       |       |       |     2 ||     2
  Use: Scroll            |     1 |     3 |     7 |     9 ||    20
       Potion            |       |     1 |     4 |     3 ||     8
 Stab: Sleeping          |       |     5 |       |       ||     5
Armor: Robe              |     5 |     6 |     8 |    14 ||    33
       Skin              |       |       |       |     1 ||     1
Dodge: Dodged            |    15 |    32 |   105 |    86 ||   238
Block: Other             |       |     3 |     6 |    21 ||    30
